AoeStats
← DBooza

Highland

505950102Analyzed
2v2 RM · 21d ago on Sep 11, 2026· 50m 27s· 4 players
Game mode
Random Map
Map size
Medium (4 player)
Population
200
Speed
Normal
Resources
Standard
Victory
Conquest
Starting age
Dark Age
Ending age
Imperial Age
RankedLock teamsTeams togetherTeam positionsShared explorationLock speedFull tech treeHidden civsTurbo modeCheats
Victory
Defeat
🇺🇸 Maya · United States
1399
+15
🇬🇧 Franks · United Kingdom
1349
+17
🇩🇪 Berbers · Germany
1377
-16
🇩🇪 Mongols · Germany
1371
-16
IckeWieder
9:13 Feudal Age
10:55 Double-Bit Axe
11:29 Horse Collar
20:10 Castle Age
18:24 Gold Mining
18:47 Stone Mining
20:50 Loom
21:19 Bow Saw
21:13 Heavy Plow
21:46 Husbandry
22:49 Fletching
25:51 Padded Archer Armor
26:00 Bodkin Arrow
27:13 Wheelbarrow
29:17 Padded Archer Armor
31:19 Leather Archer Armor
31:18 Bloodlines
33:58 Gold Shaft Mining
35:00 Hand Cart
35:33 Ballistics
39:00 Imperial Age
38:52 Masonry
39:42 Bracer
40:44 Chemistry
39:28 Elite Mangudai
41:49 Fortified Wall
42:25 Siege Engineers
KingRodriguez
6:17 Loom
8:31 Feudal Age
9:02 Double-Bit Axe
17:58 Horse Collar
20:36 Castle Age
18:52 Gold Mining
20:15 Bloodlines
20:11 Scale Barding Armor
21:47 Chain Barding Armor
23:53 Bow Saw
23:51 Husbandry
26:37 Forging
38:05 Wheelbarrow
39:51 Gold Shaft Mining
41:14 Hand Cart
42:27 Iron Casting
42:26 Stone Mining
46:25 Imperial Age
46:24 Fletching
48:03 Bodkin Arrow
DBooza
6:54 Loom
9:41 Feudal Age
11:45 Double-Bit Axe
21:14 Castle Age
21:18 Scale Barding Armor
21:24 Forging
22:16 Bow Saw
22:35 Gold Mining
25:05 Husbandry
26:23 Chain Barding Armor
27:13 Wheelbarrow
28:23 Iron Casting
42:18 Imperial Age
40:49 Hand Cart
40:19 Town Watch
44:00 Plate Barding Armor
42:50 Cavalier
45:55 Blast Furnace
47:19 Paladin
48:39 Town Patrol
aaron.herk
0:38 Loom
9:46 Feudal Age
11:23 Double-Bit Axe
12:26 Horse Collar
20:12 Castle Age
18:28 Fletching
19:06 Padded Archer Armor
20:15 Crossbowman
22:35 Thumb Ring
26:51 Wheelbarrow
27:37 Bodkin Arrow
29:39 Bow Saw
31:03 Pikeman
34:45 Imperial Age
33:22 Leather Archer Armor
33:08 Scale Mail Armor
33:25 Squires
34:14 Eagle Warrior
37:14 Ballistics
38:12 Masonry
37:54 Arbalester
38:09 Capped Ram
38:58 Halberdier
40:00 Bracer
40:11 Forging
40:24 Heavy Plow
41:33 Medium Warships
44:40 Elite Skirmisher
47:47 Chemistry
48:24 Hand Cart
49:43 Elite Eagle Warrior
Connection lost

Rejoining the realm…

Still unreachable

The connection could not be restored.

Session expired

The server has moved on; the page needs a fresh start.